 Dungeon Crawl Stone Soup version 0.26-a0-597-gb535b0901c (webtiles) character file.

Game seed: 8160913395057211370

477 Cokeysmoke the Zephyrmancer (level 7, 0/36 HPs)
             Began as a Tengu Air Elementalist on Sept 6, 2020.
             Was an Initiate of Vehumet.
             Killed from afar by Blork the orc (5 damage)
             ... with a puff of flame
             ... on level 5 of the Dungeon.
             The game lasted 00:19:52 (4160 turns).

Cokeysmoke the Zephyrmancer (TeAE)                  Turns: 4160, Time: 00:19:53

Health: 0/36       AC:  3    Str:  5 (8)  XL:     7   Next: 11%
Magic:  7/14       EV: 18    Int: 17      God:    Vehumet [......]
Gold:   150        SH:  0    Dex: 14 (15) Spells: 1/16 levels left

rFire    + . .     SeeInvis .   u - +2 dagger (drain)
rCold    . . .     Faith    .   (no shield)
rNeg     . . .     Spirit   .   a - +0 robe
rPois    +         Reflect  .   (helmet restricted)
rElec    .         Harm     .   (no cloak)
rCorr    +                      q - +0 pair of gloves
MR       .....                  (boots unavailable)
Stlth    ++........             (no amulet)
HPRegen  0.12/turn              o - ring of resist corrosion
MPRegen  0.14/turn              d - ring of protection from fire (curse)

@: sluggish, flying quickly and evasively, very slow
A: beak, talons 3, repulsion field 1, deterioration 1, low mp 1, poison
resistance, able to fly
a: Stop Flying, Renounce Religion


You were on level 5 of the Dungeon.
You worshipped Vehumet.
Vehumet was noncommittal.
You visited 2 branches of the dungeon, and saw 6 of its levels.

You collected 150 gold pieces.

Inventory:

Hand Weapons
 n - a +2 dagger of freezing
 u - a +2 dagger of draining (weapon)
Missiles
 e - 10 boomerangs
 k - 4 javelins (quivered)
Armour
 a - a +0 robe (worn)
 q - a +0 pair of gloves (worn)
 s - a +0 buckler
Jewellery
 c - an uncursed ring of ice
 d - a cursed ring of protection from fire (right hand)
 g - an uncursed amulet of guardian spirit
 o - a ring of resist corrosion (left hand)
Scrolls
 i - 5 scrolls of remove curse
 j - 3 scrolls of immolation
 p - 2 scrolls of teleportation
Potions
 b - a potion of cancellation
 f - a potion of brilliance {unknown}
 h - a potion of berserk rage {unknown}
 l - a potion of flight
 v - a potion of ambrosia {unknown}


   Skills:
 - Level 1.9 Armour
 - Level 3.1 Dodging
 - Level 2.0 Stealth
 * Level 2.5 Shields
 - Level 5.1 Spellcasting
 - Level 9.8 Conjurations
 - Level 10.4 Air Magic


You had one spell level left.
You knew the following spells:

 Your Spells              Type           Power        Failure   Level
a - Shock                 Conj/Air       ####         1%          1
b - Swiftness             Air            #####...     1%          2
c - Static Discharge      Conj/Air       #####...     1%          3
d - Airstrike             Air            #####.....   1%          4
e - Lightning Bolt        Conj/Air       #####.....   6%          5

Your spell library contained the following spells:

 Spells                   Type           Power        Failure   Level
 Confusing Touch          Hex            #.......     38%         3
 Gell's Gravitas          Tloc           #.........   38%         3
 Petrify                  Tmut/Erth      #.......     80%         4
 Metabolic Englaciation   Hex/Ice        #.........   98%         5
 Yara's Violent Unravell  Hex/Tmut       #.........   98%         5


Dungeon Overview and Level Annotations

Branches:
Dungeon (5/15)             Temple (1/1) D:5

Altars:
Ashenzari
Dithmenos
Elyvilon
Fedhas
Gozag
Hepliaklqana
Kikubaaqudgha
Makhleb
Nemelex Xobeh
Okawaru
Qazlal
Ru
Sif Muna
Uskayaw
Vehumet
Wu Jian
Xom
Yredelemnul
Zin

Annotations:
D:5 Blork the orc


Innate Abilities, Weirdness & Mutations

You have a beak for a mouth.
You have claws for feet.
You can fly continuously.
You are surrounded by a mild repulsion field. (EV +2)
Your body sometimes deteriorates upon taking damage.
Your magical capacity is low. (-10% MP)
Your system is resistant to poisons. (rPois)


Message History

A puff of frost appears from out of thin air!
The puff of frost hits you!
A puff of flame appears from out of thin air!
The puff of flame hits you. You resist.
A bullfrog zombie comes into view.
A magic dart appears from out of thin air!
The magic dart hits you!
* * * LOW HITPOINT WARNING * * *
Your body deteriorates!
You feel weakened.
You feel better.
You start to feel a little slower.
A puff of flame appears from out of thin air!
The puff of flame misses you.
You feel sluggish.
A puff of flame appears from out of thin air!
The puff of flame hits you. You resist.
* * * LOW HITPOINT WARNING * * *
A puff of flame appears from out of thin air!
The puff of flame hits you. You resist.
You die...

######.####.#..# #.#
#.#.## ######.# #{#.#
.#.....{# #.#.# ..
......#.# #.#.##.
##.#....## #.#.#..
.........# #.#.#.### #
.........###.#.#...#.##
##.##.##..##@#.#.......
......................#
###.#...##.##.#..##.#.
...#.........#.....#..
### #.#.##.#....##.....
#.#....#.##....##.. #
..##......##.....
#.....##.>....#...
#...#......##.# ..


There were no monsters in sight!

Vanquished Creatures
  A gnoll sergeant (D:5)
  2 bullfrog skeletons
  A worker ant (D:5)
  An orc wizard (D:4)
  A worker ant zombie (D:5)
  3 gnolls (D:5)
  7 adders
  2 worms
  4 dart slugs
  5 leopard geckos
  6 orcs
  2 giant cockroaches
  6 goblins
  8 hobgoblins
  3 jackals (D:3)
  12 kobolds
  A quokka (D:5)
  9 bats
  3 frilled lizards
  13 rats
  A rat zombie (D:2)
91 creatures vanquished.

Notes
Turn   | Place    | Note
-------+----------+-------------------------------------------
     0 | D:1      | Cokeysmoke the Tengu Air Elementalist began the quest for
                  | the Orb.
     0 | D:1      | Reached XP level 1. HP: 10/10 MP: 4/4
   188 | D:1      | Reached XP level 2. HP: 15/15 MP: 4/6
   217 | D:1      | Learned a level 2 spell: Swiftness
   653 | D:1      | Reached XP level 3. HP: 16/19 MP: 0/7
  1150 | D:2      | Reached skill level 1 in Armour
  1194 | D:2      | Reached XP level 4. HP: 9/24 MP: 0/8
  1202 | D:2      | HP: 1/24 [hobgoblin/+0 club (6)]
  1536 | D:2      | Learned a level 3 spell: Static Discharge
  1933 | D:2      | Found an ancient bone altar of Kikubaaqudgha.
  1971 | D:3      | Reached skill level 5 in Air Magic
  2068 | D:3      | Reached skill level 5 in Spellcasting
  2068 | D:3      | Reached skill level 10 in Air Magic
  2068 | D:3      | Gained mutation: You can fly continuously. [Tengu growth]
  2068 | D:3      | Reached XP level 5. HP: 28/28 MP: 8/13
  2075 | D:3      | Learned a level 4 spell: Airstrike
  2370 | D:3      | Reached XP level 6. HP: 32/32 MP: 1/14
  2377 | D:3      | Learned a level 5 spell: Lightning Bolt
  2520 | D:3      | Found a hide-covered altar of Uskayaw.
  2561 | D:3      | Noticed a +0 dagger
  2561 | D:3      | Noticed a -2 hand axe
  3061 | D:4      | Gained mutation: You have an increased reservoir of magic.
                  | (+10% MP) [potion of mutation]
  3061 | D:4      | Gained mutation: You have a pair of small antennae on your
                  | head. [potion of mutation]
  3061 | D:4      | Gained mutation: You are surrounded by a mild repulsion
                  | field. (EV +2) [potion of mutation]
  3061 | D:4      | Gained mutation: You are partially covered in large bone
                  | plates. (SH +4) [potion of mutation]
  3062 | D:4      | Lost mutation: You have a pair of small antennae on your
                  | head. [potion of mutation]
  3062 | D:4      | Lost mutation: You have an increased reservoir of magic.
                  | (+10% MP) [potion of mutation]
  3062 | D:4      | Lost mutation: You are partially covered in large bone
                  | plates. (SH +4) [potion of mutation]
  3062 | D:4      | Gained mutation: Your magical capacity is low. (-10% MP)
                  | [potion of mutation]
  3062 | D:4      | Gained mutation: Your body sometimes deteriorates upon
                  | taking damage. [potion of mutation]
  3062 | D:4      | Gained mutation: Your system is resistant to poisons.
                  | (rPois) [potion of mutation]
  3221 | D:4      | Found a hazy altar of Hepliaklqana.
  3554 | D:5      | Entered Level 5 of the Dungeon
  3555 | D:5      | Reached skill level 1 in Shields
  3747 | D:5      | Reached XP level 7. HP: 23/36 MP: 0/14
  3998 | D:5      | Found a staircase to the Ecumenical Temple.
  4000 | D:5      | Noticed Blork the orc
  4005 | Temple   | Entered the Ecumenical Temple
  4101 | Temple   | Became a worshipper of Vehumet
  4131 | D:5      | HP: 1/36 [something/magic dart (5)]
  4160 | D:5      | Killed from afar by Blork the orc

Illustrated notes

Levels and vault maps discovered:
D:1:      enne_arrival_octagon_isle, layout_loops_ring
D:2:      layout_rooms, lemuel_zombie_altar_kikubaaqudgha
D:3:      layout_basic, dancing_weapons_uskayaw
D:4:      layout_rooms, nicolae_overflow_crystal_walls
D:5:      layout_basic, minmay_temple_entry_ruins, hangedman_decor_points,
          uniq_duvessa, uniq_blork_the_orc, uniq_crazy_yiuf_cottage, uniq_edmund
Temple:   regret_index_temple_sphere_string

Skill      XL: |  1  2  3  4  5  6 |
---------------+-------------------+-----
Conjurations   | 2 9 |  9.8
Armour         | 1 |  1.9
Dodging        | 3 |  3.1
Air Magic      | 10 | 10.4
Spellcasting   | 5 |  5.1
Shields        | 2 |  2.5
Stealth        | |  2.0

Action                   |  1- 3 |  4- 6 |  7- 9 || total
-------------------------+-------+-------+-------++-------
Melee: Short sword       |    10 |     8 |       ||    18
       Peck              |     2 |     4 |       ||     6
       Kick              |     1 |     3 |       ||     4
       Whip              |       |     4 |       ||     4
       Dagger            |       |    10 |       ||    10
 Cast: Shock             |    62 |    95 |    10 ||   167
       Airstrike         |       |     6 |       ||     6
       Static Discharge  |       |     3 |     4 ||     7
       Swiftness         |       |     2 |     1 ||     3
       Lightning Bolt    |       |     1 |       ||     1
 Abil: Fly               |       |     1 |       ||     1
  Use: Scroll            |     4 |     6 |       ||    10
       Potion            |     1 |     6 |     2 ||     9
Armor: Robe              |    12 |     7 |       ||    19
Dodge: Dodged            |    44 |    45 |     8 ||    97

Table legend: (Time is in decaauts)
 A = Elapsed time spent in this place.
 B = Non-inter-level travel time spent in this place.
 C = Inter-level travel time spent in this place.
 D = Time resting spent in this place.
 E = Time spent auto-exploring this place.
 F = Levels seen in this place.
 G = Mean time per level.
                   A        B        C        D        E       F      G
               +--------+--------+--------+--------+--------+-----+--------+
         Total |   4034 |   3899 |    135 |    564 |   2708 |   6 |  672.3 |
       Dungeon |   3927 |   3812 |    115 |    564 |   2630 |   5 |  785.4 |
        Temple |    107 |     88 |     19 |      0 |     77 |   1 |  107.0 |
               +--------+--------+--------+--------+--------+-----+--------+

Top non-repeatable levels by time:
     D:1: 1016 daAuts
     D:3: 1000 daAuts
     D:2: 946 daAuts
     D:4: 495 daAuts
     D:5: 469 daAuts
  Temple: 107 daAuts
